 Dungeon Crawl Stone Soup version 0.30-a0-305-g026cb31310 (webtiles) character file.

Game seed: 4911381068308650763

189 koil the Sneak (level 5, -1/27 HPs)
             Began as a Spriggan Brigand on Oct 23, 2022.
             Slain by an iguana (13 damage)
             ... on level 4 of the Dungeon.
             The game lasted 00:04:33 (2190 turns).

koil the Sneak (Spriggan Brigand)                   Turns: 2190, Time: 00:04:34

Health: -1/27      AC:  3    Str:  7    XL:     5   Next: 40%
Magic:  9/9        EV: 18    Int: 15    God:
Gold:   116        SH:  0    Dex: 16    Spells: 9/9 levels left

rFire   + . .      SeeInvis +    k - +2 short sword (speed)
rCold   . . .      Faith    .    (no shield)
rNeg    . . .      Spirit   .    b - +0 robe
rPois   .          Reflect  .    (helmet restricted)
rElec   .          Harm     .    c - +0 cloak
rCorr   .          Rampage  .    (gloves unavailable)
Will    .....                    (boots unavailable)
Stlth   ++++......               (no amulet)
HPRegen 0.24/turn                i - ring of protection from fire
MPRegen 0.11/turn                (no ring)

@: very quick
A: very small, no large weapons, unfitting armour, see invisible, speed 3
a: no special abilities


You were on level 4 of the Dungeon.
You visited 1 branch of the dungeon, and saw 6 of its levels.

You collected 116 gold pieces.

Inventory:

Hand Weapons
 a - a +2 dagger
 k - a +2 short sword of speed (weapon)
Missiles
 d - 4 poisoned darts (quivered)
 e - 3 curare-tipped darts
Armour
 b - a +0 robe (worn)
 c - a +0 cloak (worn)
Jewellery
 i - a ring of protection from fire (left hand)
Wands
 t - a wand of paralysis (5)
Scrolls
 g - a scroll of vulnerability {unknown}
 h - 3 scrolls of teleportation {unknown}
 j - 2 scrolls of enchant armour {unknown}
 m - 4 scrolls of identify {unknown}
 p - a scroll of noise {unknown}
 r - a scroll of acquirement {unknown}
Potions
 f - a potion of lignification {unknown}
 l - a potion of invisibility {unknown}
 n - a potion of might {unknown}
 o - a potion of curing {unknown}
 q - 2 potions of degeneration {unknown}
 s - 2 potions of haste {unknown}
 u - a potion of mutation {unknown}


   Skills:
 + Level 2.4 Fighting
 + Level 3.3 Short Blades
 - Level 2.0 Throwing
 + Level 3.3 Dodging
 + Level 6.9 Stealth
 + Level 2.6 Spellcasting


You had 9 spell levels left.
You didn't know any spells.
Your spell library contained the following spells:

 Spells                   Type           Power      Damage    Failure   Level
 Beastly Appendage        Tmut           2%         N/A       22%         1
 Freeze                   Ice            4%         1d3       22%         1
 Wereblood                Tmut           1%         N/A       32%         2
 Frozen Ramparts          Ice            2%         1d1       54%         3
 Hailstorm                Conj/Ice       1%         3d3       54%         3
 Spider Form              Tmut/Pois      1%         N/A       54%         3


Dungeon Overview and Level Annotations

Branches:
Dungeon (6/15)
 Temple: D:4-7

Altars:

Annotations:
D:3 2 transporters


Innate Abilities, Weirdness & Mutations

You are very small and have problems with some larger weapons.
You are too small for most types of armour.
You have supernaturally acute eyesight. (SInv)
You cover ground extremely quickly. (Speed+++)


Message History

You feel sick.
You feel sick.
You are no longer poisoned.
Throw: 8 darts (poison)
Press: ? - help, Q - select action, (/) - cycle Shift-Dir - straight line, f - adder
Aim: an adder (almost dead, 44% to hit)
You throw a poisoned dart. The poisoned dart misses the adder.
The poisoned dart completely misses the iguana.
Unknown command.
Throw: 7 darts (poison)
Press: ? - help, Q - select action, (/) - cycle Shift-Dir - straight line, f/p - adder
Aim: an adder (almost dead, 44% to hit)
You throw a poisoned dart. The poisoned dart misses the adder.
The poisoned dart hits the iguana.
The iguana is poisoned.
The adder bites you.
Throw: 6 darts (poison)
Press: ? - help, Q - select action, (/) - cycle Shift-Dir - straight line, f/p - adder
Aim: an adder (almost dead, 44% to hit)
You throw a poisoned dart. The poisoned dart misses the adder.
The poisoned dart closely misses the iguana.
The adder bites you but does no damage.
Throw: 5 darts (poison)
Press: ? - help, Q - select action, (/) - cycle Shift-Dir - straight line, f/p - adder
Aim: an adder (almost dead, 44% to hit)
You throw a poisoned dart. The poisoned dart misses the adder.
The poisoned dart hits the iguana.
The iguana looks even sicker.
The iguana is lightly wounded.
The adder misses you. The adder completely misses you.
You completely miss the adder.
The adder is almost dead.
You hit the adder.
You kill the adder!
You hit the iguana but do no damage.
The iguana is lightly wounded.
You closely miss the iguana. You punch the iguana, but do no damage.
The iguana is lightly wounded.
The iguana bites you!
You die...

#..#
#####.(####
#......(..#
#.##...†#.#
#.##.# #
#.##(#
#.##(#
#.##l#
#.##@#
#.##.# ..
#.# #.# #.#
#.# ..# ###


You could see an iguana (very poisoned).

Vanquished Creatures
  2 hounds
  Ijyb (D:3)
  4 adders
  2 dart slugs
  An orc (D:3)
  4 bats
  4 endoplasms
  4 giant cockroaches
  7 goblins
  7 hobgoblins
  4 jackals (D:1)
  2 quokkas
  3 ball pythons (D:1)
  4 frilled lizards
  5 kobolds
  4 rats
58 creatures vanquished.

Notes
Turn   | Place    | Note
-------+----------+-------------------------------------------
     0 | D:1      | koil the Spriggan Brigand began the quest for the Orb.
     0 | D:1      | Reached XP level 1. HP: 10/10 MP: 2/2
    33 | D:1      | Reached skill level 6 in Stealth
    77 | D:1      | Reached XP level 2. HP: 15/15 MP: 2/4
   104 | D:1      | Reached skill level 1 in Spellcasting
   414 | D:1      | Reached XP level 3. HP: 9/18 MP: 5/5
  1455 | D:3      | Found a transporter.
  1459 | D:3      | Noticed a kobold demonologist
  1501 | D:3      | Reached XP level 4. HP: 23/23 MP: 7/7
  1611 | D:3      | Found a transporter.
  1877 | D:3      | Noticed Ijyb
  1915 | D:3      | Killed Ijyb
  2126 | D:3      | You fall into a shaft and drop 3 floors!
  2136 | D:5      | Entered Level 5 of the Dungeon
  2138 | D:5      | Reached XP level 5. HP: 27/27 MP: 9/9
  2190 | D:4      | Slain by an iguana

Illustrated notes

Levels and vault maps discovered:
D:1:      minmay_arrival_open_corners, layout_basic
D:2:      wander_river, layout_loops_ring
D:3:      gammafunk_wand_slinger, layout_basic, uniq_ijyb
D:4:      layout_loops_ring, kennysheep_generic_room_8, uniq_grinder
D:5:      layout_cave_pools, uniq_sigmund
D:6:      layout_basic, reono_crystal_passage, nicolae_elemental_shop,
          kennysheep_generic_room_14, uniq_pikel, uniq_blork_the_orc,
          uniq_eustachio

Skill      XL: |  1  2  3  4 |
---------------+-------------+-----
Stealth        | 6 |  6.9
Spellcasting   | 1 2 |  2.6
Dodging        | 2 3 |  3.3
Fighting       | 2 |  2.4
Short Blades   | 3 |  3.3
Throwing       | |  2.0

Action                   |  1- 3 |  4- 6 || total
-------------------------+-------+-------++-------
Melee: Dagger            |    87 |       ||    87
       Punch             |     1 |     1 ||     2
       Short sword       |    39 |    71 ||   110
Throw: Dart              |     3 |    16 ||    19
 Stab: Sleeping          |     9 |     2 ||    11
Armor: Robe              |    15 |     5 ||    20
Dodge: Dodged            |    97 |    34 ||   131

Table legend: (Time is in decaauts)
 A = Elapsed time spent in this place.
 B = Non-inter-level travel time spent in this place.
 C = Inter-level travel time spent in this place.
 D = Time resting spent in this place.
 E = Time spent auto-exploring this place.
 F = Levels seen in this place.
 G = Mean time per level.
                   A        B        C        D        E       F      G
               +--------+--------+--------+--------+--------+-----+--------+
         Total |   1412 |   1399 |     13 |      0 |   1053 |   6 |  235.3 |
       Dungeon |   1412 |   1399 |     13 |      0 |   1053 |   6 |  235.3 |
               +--------+--------+--------+--------+--------+-----+--------+

Top non-repeatable levels by time:
     D:1: 545 daAuts
     D:3: 449 daAuts
     D:2: 376 daAuts
     D:4: 27 daAuts
     D:5: 7 daAuts
     D:6: 6 daAuts
